 Dungeon Crawl Stone Soup version 0.24.0-123-gd5b16e6ec5 (webtiles) character file.

Game seed: 11437629378018095650, levelgen mode: deterministic

819 vishdafish the Jester (level 7, -20/62 HPs)
             Began as a Naga Fighter on Dec 17, 2019.
             Was a Follower of Nemelex Xobeh.
             Demolished by an ogre
             ... wielding a +0 giant club
              (24 damage)
             ... on level 5 of the Dungeon.
             The game lasted 00:05:28 (3559 turns).

vishdafish the Jester (Naga Fighter)                Turns: 3559, Time: 00:05:28

Health: -20/62     AC:  9    Str: 18    XL:     7   Next: 95%
Magic:  11/11      EV:  5    Int:  8    God:    Nemelex Xobeh [*.....]
Gold:   159        SH:  9    Dex: 13    Spells: 6/6 levels left

rFire    + . .     SeeInvis +   a - +0 war axe
rCold    . . .     Gourm    .   c - +0 shield
rNeg     . . .     Faith    .   o - +2 scale mail {rF+}
rPois    +         Spirit   .   (no helmet)
rElec    .         Reflect  .   (no cloak)
rCorr    .         Harm     .   (no gloves)
MR       .....                  (no barding)
Stlth    ..........             (no amulet)
HPRegen  0.20/turn              d - +1 ring of protection
MPRegen  0.12/turn              (no ring)

@: very slow
A: large, see invisible, deformed body, poison resistance, slowness 2, slow
metabolism 1, spit poison 1, AC +2
a: Spit Poison, Draw Escape, Draw Destruction, Draw Summoning, Renounce Religion


You were on level 5 of the Dungeon.
You worshipped Nemelex Xobeh.
Nemelex Xobeh was aware of your devotion.
You were not hungry.

You visited 1 branch of the dungeon, and saw 5 of its levels.

You collected 159 gold pieces.

Inventory:

Hand Weapons
 a - a +0 war axe (weapon)
Missiles
 s - a throwing net (quivered)
Armour
 b - a +0 scale mail
 c - a +0 shield (worn)
 o - a +2 scale mail of fire resistance (worn)
Jewellery
 d - a +1 ring of protection (left hand)
 g - an uncursed amulet of harm
Wands
 y - a wand of digging (3)
Scrolls
 e - 3 scrolls of identify {unknown}
 j - 3 scrolls of teleportation {unknown}
 k - a scroll of fear {unknown}
 l - a scroll of blinking {unknown}
 n - a scroll of remove curse {unknown}
 q - 2 scrolls of enchant weapon {unknown}
 r - a scroll of immolation {unknown}
 u - a scroll of enchant armour {unknown}
 v - a scroll of fog {unknown}
 x - a scroll of amnesia {unknown}
Potions
 h - 2 potions of magic {unknown}
 i - 2 potions of agility
 m - a potion of flight {unknown}
 p - a potion of berserk rage {unknown}
 t - a potion of heal wounds
 w - a potion of resistance {unknown}
Comestibles
 f - 6 rations
 z - 2 chunks of flesh


   Skills:
 - Level 3.5 Fighting
 + Level 5.1 Axes
 - Level 3.3 Armour
 - Level 0.6 Dodging
 - Level 0.4 Stealth
 - Level 3.2 Shields
 * Level 5.8 Invocations


You had 6 spell levels left.
You didn't know any spells.
Your spell library was empty.

Dungeon Overview and Level Annotations

Branches:
Dungeon (5/15)
 Temple: D:4-7

Altars:
Elyvilon
Fedhas
Gozag
Hepliaklqana
Nemelex Xobeh
Qazlal
Ru


Innate Abilities, Weirdness & Mutations

You cannot wear boots.
Your serpentine skin is tough. (AC +2)
You have supernaturally acute eyesight. (SInv)
Armour fits poorly on your strangely shaped body.
Your system is resistant to poisons. (rPois)
You cover ground very slowly.
You have a slow metabolism.
You can spit poison.


Message History

Aim: an ogre, wielding a +0 giant club (almost dead)
The orb of energy hits the ogre!
You kill the ogre!
Your Axes skill increases to level 5!
The ogre barely misses you.
You draw a card...
You have drawn Vitriol.
Press: ? - help, Shift-Dir - straight line, f - ogre
Aim: an ogre, wielding a +0 giant club (heavily wounded)
The glob of acid misses the ogre.
The ogre hits you with a +0 giant club!!
* * * LOW HITPOINT WARNING * * *
Throwing (i - inventory)
s - 2 throwing nets (quivered)
Press: ? - help, Shift-Dir - straight line, f/p - ogre
Aim: an ogre, wielding a +0 giant club (heavily wounded)
You throw a throwing net.
The throwing net closely misses the ogre.
The ogre hits you with a +0 giant club!!
You die...
Your body disappears without a glow.

#..#########..#........#
#..# ######..#.######.#
#... ..................
.... ..##...#.######..
#.. #...#.#
##..########...#.###
......(..............
......)O.............
##..####@........#...
#..#......#...
#..##.....# #
#.........# #..##.......
#..###...... .... .....
...#


You could see an ogre.

Vanquished Creatures
  Grinder (D:3)
  Sigmund (D:3)
  A sky beast (D:5)
  2 ogres
  An orc priest (D:3)
  Terence (D:3)
  7 gnolls (D:3)
  2 howler monkey skeletons (D:4)
  3 adders
  An ooze (D:3)
  An adder skeleton (D:5)
  2 worms
  2 dart slugs (D:1)
  A leopard gecko (D:4)
  6 orcs
  3 ball pythons
  7 bats
  3 giant cockroaches
  11 goblins
  7 hobgoblins
  7 jackals
  A quokka (D:2)
  7 frilled lizards
  A jackal skeleton (D:4)
  6 kobolds
  6 rats
91 creatures vanquished.

Notes
Turn   | Place    | Note
-------+----------+-------------------------------------------
     0 | D:1      | vishdafish the Naga Fighter began the quest for the Orb.
     0 | D:1      | Reached XP level 1. HP: 21/21 MP: 1/1
   226 | D:1      | Reached XP level 2. HP: 23/28 MP: 2/2
   278 | D:1      | Reached XP level 3. HP: 29/34 MP: 3/3
   734 | D:2      | Found a blossoming altar of Fedhas.
   736 | D:2      | Found a white marble altar of Elyvilon.
   777 | D:2      | Reached XP level 4. HP: 36/42 MP: 4/4
   903 | D:2      | Found a hazy altar of Hepliaklqana.
  1099 | D:2      | Found an opulent altar of Gozag.
  1099 | D:2      | Found a sparkling altar of Nemelex Xobeh.
  1099 | D:2      | Found a stormy altar of Qazlal.
  1119 | D:2      | Became a worshipper of Nemelex Xobeh the Trickster
  1209 | D:3      | Reached XP level 5. HP: 19/49 MP: 5/5
  1627 | D:3      | Received a gift from Nemelex Xobeh
  1642 | D:3      | Found a sacrificial altar of Ru.
  1732 | D:3      | Noticed Sigmund
  1740 | D:3      | Killed Sigmund
  1740 | D:3      | Reached XP level 6. HP: 29/56 MP: 5/7
  1759 | D:3      | Noticed Terence
  1768 | D:3      | Killed Terence
  2134 | D:3      | Noticed Grinder
  2139 | D:3      | Paralysed by Grinder for 2 turns
  2145 | D:3      | Killed Grinder
  2145 | D:3      | Reached XP level 7. HP: 20/62 MP: 7/10
  2594 | D:4      | Received a gift from Nemelex Xobeh
  2810 | D:4      | Reached * piety under Nemelex Xobeh
  3142 | D:4      | Reached skill level 5 in Invocations
  3363 | D:5      | Entered Level 5 of the Dungeon
  3461 | D:5      | Received a gift from Nemelex Xobeh
  3556 | D:5      | Reached skill level 5 in Axes
  3559 | D:5      | Demolished by an ogre

Levels and vault maps discovered:
D:1:      minmay_arrival_arboretum_small, layout_rooms
D:2:      layout_basic, gammafunk_temple_overflow_forgotten,
          lemuel_coloured_pillars_altar, nicolae_overflow_hidden_temple
D:3:      layout_basic, nicolae_ru_path_of_blood, uniq_grinder, uniq_sigmund,
          uniq_terence
D:4:      layout_basic, first_ration
D:5:      layout_basic, uniq_duvessa

Skill      XL: |  1  2  3  4  5  6  7 |
---------------+----------------------+-----
Shields        | 3 |  3.2
Axes           | 3 4 5 |  5.1
Armour         | 3 |  3.3
Invocations    | 2 4 5 |  5.8
Fighting       | |  3.5
Dodging        | |  0.6
Stealth        | |  0.4

Action                   |  1- 3 |  4- 6 |  7- 9 || total
-------------------------+-------+-------+-------++-------
Melee: War axe           |   112 |    90 |    88 ||   290
Throw: Throwing net      |       |       |     1 ||     1
 Abil: Draw Destruction  |       |     2 |     3 ||     5
       Spit Poison       |       |     1 |       ||     1
       Draw Summoning    |       |     1 |       ||     1
       Draw Escape       |       |     1 |       ||     1
  Use: Potion            |       |     4 |       ||     4
  Eat: Chunk             |       |     3 |     4 ||     7
Armor: Scale mail        |    67 |    35 |    40 ||   142
Dodge: Dodged            |    33 |    28 |    22 ||    83
Block: Shield            |    77 |    60 |    35 ||   172
